 Dungeon Crawl Stone Soup version 0.31-a0-803-g95b03c3367 (webtiles) character file.

Game seed: 13822889744989465372

179 Maratek the Shield-Bearer (level 5, -11/47 HPs)
             Began as a Gnoll Fighter on Sept 21, 2023.
             Was a Believer of Uskayaw.
             Mangled by an ogre
             ... wielding a +0 giant club
              (30 damage)
             ... on level 3 of the Dungeon.
             The game lasted 00:02:43 (1965 turns).

Maratek the Shield-Bearer (Gnoll Fighter)           Turns: 1965, Time: 00:02:44

Health: -11/47     AC: 10    Str: 17    XL:     5   Next: 59%
Magic:  4/7        EV:  9    Int:  7    God:    Uskayaw [**....]
Gold:   83         SH:  5    Dex: 12    Spells: 7/7 levels left

rFire   . . .        a - +0 trident
rCold   . . .        c - +0 buckler
rNeg    . . .        b - +0 scale mail
rPois   .            (no helmet)
rElec   .            (no cloak)
rCorr   .            m - +0 pair of gloves
SInv    .            o - +0 pair of boots
Will    .....        (no amulet) Stlth
                     (no ring)
HPRegen 0.27/turn    (no ring)
MPRegen 0.10/turn

%: no passive effects
@: no status effects
A: fangs 1, strong nose, distributed training
a: Renounce Religion, Stomp, Line Pass


You were on level 3 of the Dungeon.
You worshipped Uskayaw.
Uskayaw was noncommittal.
You visited 1 branch of the dungeon, and saw 3 of its levels.

You collected 83 gold pieces.

Inventory:

Hand Weapons
 a - a +0 trident (weapon)
Armour
 b - a +0 scale mail (worn)
 c - a +0 buckler (worn)
 m - a +0 pair of gloves (worn)
 o - a +0 pair of boots (worn)
Scrolls
 e - 2 scrolls of teleportation {unknown}
 f - a scroll of poison {unknown}
 j - a scroll of vulnerability {unknown}
 k - 3 scrolls of identify {unknown}
Potions
 d - a potion of might
 g - a potion of enlightenment {unknown}
 h - a potion of berserk rage {unknown}
 i - 2 potions of curing {unknown}
 l - a potion of heal wounds {unknown}
 n - a potion of attraction {unknown}
 p - a potion of brilliance {unknown}
 q - a potion of ambrosia {unknown}


   Skills:
 + Level 6.7 Fighting
 + Level 1.6 Short Blades
 + Level 1.6 Long Blades
 + Level 1.6 Axes
 + Level 1.6 Maces & Flails
 + Level 4.8 Polearms
 + Level 1.6 Staves
 + Level 1.6 Ranged Weapons
 + Level 1.6 Throwing
 + Level 6.7 Armour
 + Level 1.6 Dodging
 + Level 1.6 Stealth
 + Level 6.7 Shields
 + Level 1.6 Unarmed Combat
 + Level 1.6 Spellcasting
 + Level 1.2 Conjurations
 + Level 1.2 Hexes
 + Level 1.2 Summonings
 + Level 1.2 Necromancy
 + Level 1.2 Translocations
 + Level 1.2 Transmutations
 + Level 1.2 Fire Magic
 + Level 1.2 Ice Magic
 + Level 1.2 Air Magic
 + Level 1.2 Earth Magic
 + Level 1.2 Poison Magic
 + Level 1.8 Invocations
 + Level 1.6 Evocations
 + Level 1.4 Shapeshifting


You had 7 spell levels left.
You didn't know any spells.
Your spell library was empty.

Dungeon Overview and Level Annotations

Branches:
Dungeon (3/15)

Altars:
Uskayaw


Innate Abilities, Weirdness & Mutations

You have very sharp teeth.
Your uncanny sense of smell can sniff out nearby items.
Your experience applies equally to all skills.


Message History

You closely miss the adder.
The adder is almost dead.
You feel sick.
You are no longer poisoned.
The adder barely misses you. The adder bites you but does no damage.
The ogre hits you with a +0 giant club.
You closely miss the adder. You bite the adder.
You kill the adder!
You hit the ogre.
The ogre is lightly wounded.
The adder misses you. The ogre closely misses you.
You block the adder's attack.
You hit the ogre.
The ogre is moderately wounded.
You block the adder's attack. The ogre barely misses you.
Uskayaw will force your foes to helplessly watch your dance.
Uskayaw prepares the audience for your solo!
The helpless ogre fails to defend itself.
You hit the ogre. You bite the ogre.
The ogre is moderately wounded.
The ogre is no longer paralysed.
The rat is no longer paralysed.
The adder is no longer paralysed.
The adder bites you but does no damage. The adder barely misses you.
The ogre barely misses you.
You hit the ogre but do no damage.
The ogre is moderately wounded.
The adder barely misses you.
You barely miss the ogre.
The ogre is moderately wounded.
You block the adder's attack. The ogre hits you with a +0 giant club!
The adder barely misses you.
You are too injured to fight recklessly!
You are too injured to fight recklessly!
You are too injured to fight recklessly!
You stomp with the beat, sending a shockwave through the revellers around you!
The ogre is heavily wounded.
The adder is severely wounded.
The adder bites you but does no damage.
The ogre hits you with a +0 giant club!!
Ouch! That really hurt!
You die...

.. #. #. #. . #. ...
#. .. .....#S#####
∆..#. #rO@...# #..
......####.# #.#
#.#.# #.#
#.###########.#
#.............#
#...<........#
#............#
#............#
#########.#.#.##....#


You could see an ogre, an adder and a rat.

Vanquished Creatures
  Jessica (D:2)
  4 gnolls (D:2)
  4 adders
  A worm (D:2)
  2 orcs (D:3)
  6 endoplasms
  A giant cockroach (D:2)
  7 goblins
  8 hobgoblins
  2 jackals (D:3)
  4 quokkas
  6 ball pythons
  5 bats
  3 frilled lizards
  11 kobolds
  9 rats
74 creatures vanquished.

Notes
Turn   | Place    | Note
-------+----------+-------------------------------------------
     0 | D:1      | Maratek the Gnoll Fighter began the quest for the Orb.
     0 | D:1      | Reached XP level 1. HP: 23/23 MP: 1/1
    94 | D:1      | Reached XP level 2. HP: 18/29 MP: 2/2
   462 | D:1      | Reached XP level 3. HP: 30/35 MP: 3/3
   713 | D:2      | Reached skill level 1 in Invocations
   800 | D:2      | Found a faded altar of an unknown god.
   862 | D:2      | Prayed at the altar of an unknown god.
   862 | D:2      | Became a worshipper of Uskayaw the Reveller
   862 | D:2      | Reached * piety under Uskayaw
   919 | D:2      | Reached ** piety under Uskayaw
   920 | D:2      | Reached skill level 1 in Short Blades
   920 | D:2      | Reached skill level 1 in Long Blades
   920 | D:2      | Reached skill level 1 in Axes
   920 | D:2      | Reached skill level 1 in Maces & Flails
   920 | D:2      | Reached skill level 1 in Staves
   920 | D:2      | Reached skill level 1 in Ranged Weapons
   920 | D:2      | Reached skill level 1 in Throwing
   920 | D:2      | Reached skill level 1 in Dodging
   920 | D:2      | Reached skill level 1 in Stealth
   920 | D:2      | Reached skill level 1 in Unarmed Combat
   920 | D:2      | Reached skill level 1 in Spellcasting
   920 | D:2      | Reached skill level 1 in Evocations
  1084 | D:2      | Reached XP level 4. HP: 41/41 MP: 5/5
  1158 | D:2      | Reached skill level 1 in Shapeshifting
  1284 | D:2      | Reached *** piety under Uskayaw
  1286 | D:2      | Reached skill level 1 in Conjurations
  1286 | D:2      | Reached skill level 1 in Hexes
  1286 | D:2      | Reached skill level 1 in Summonings
  1286 | D:2      | Reached skill level 1 in Necromancy
  1286 | D:2      | Reached skill level 1 in Translocations
  1286 | D:2      | Reached skill level 1 in Transmutations
  1286 | D:2      | Reached skill level 1 in Fire Magic
  1286 | D:2      | Reached skill level 1 in Ice Magic
  1286 | D:2      | Reached skill level 1 in Air Magic
  1286 | D:2      | Reached skill level 1 in Earth Magic
  1286 | D:2      | Reached skill level 1 in Poison Magic
  1287 | D:2      | Reached **** piety under Uskayaw
  1484 | D:2      | Noticed Jessica
  1490 | D:2      | Killed Jessica
  1491 | D:2      | Reached XP level 5. HP: 47/47 MP: 5/7
  1948 | D:3      | Noticed an ogre
  1965 | D:3      | Mangled by an ogre

Illustrated notes

Levels and vault maps discovered:
D:1:      eino_arrival_cavern_b, layout_rooms, nicolae_figureground_pulse
D:2:      layout_basic, hellmonk_ecumenical_altar_inner_sanctum,
          corexii_hall_statues_x, grunt_ministairs_6, uniq_jessica
D:3:      layout_rooms, mainiacjoe_overflow_tiny_flanked,
          mainiacjoe_overflow_alcove_3, grunt_ministairs_13, st_stairs_4

Skill      XL: |  1  2  3  4 |
---------------+-------------+-----
Invocations    | 1 |  1.8
Short Blades   | 1 |  1.6
Long Blades    | 1 |  1.6
Axes           | 1 |  1.6
Maces & Flails | 1 |  1.6
Staves         | 1 |  1.6
Ranged Weapons | 1 |  1.6
Throwing       | 1 |  1.6
Dodging        | 1 |  1.6
Stealth        | 1 |  1.6
Unarmed Combat | 1 |  1.6
Spellcasting   | 1 |  1.6
Evocations     | 1 |  1.6
Shapeshifting  | 1 |  1.4
Conjurations   | 1 |  1.2
Hexes          | 1 |  1.2
Summonings     | 1 |  1.2
Necromancy     | 1 |  1.2
Translocations | 1 |  1.2
Transmutations | 1 |  1.2
Fire Magic     | 1 |  1.2
Ice Magic      | 1 |  1.2
Air Magic      | 1 |  1.2
Earth Magic    | 1 |  1.2
Poison Magic   | 1 |  1.2
Fighting       | |  6.7
Polearms       | |  4.8
Armour         | |  6.7
Shields        | |  6.7

Action                     |  1- 3 |  4- 6 || total
---------------------------+-------+-------++-------
  Melee: Trident           |   121 |   137 ||   258
         Bite              |    11 |    14 ||    25
 Invoke: Stomp             |       |     1 ||     1
   Stab: Paralysed         |       |     2 ||     2
 Armour: Scale mail        |    55 |    93 ||   148
  Dodge: Dodged            |    47 |    64 ||   111
  Block: Buckler           |    27 |    39 ||    66

Table legend: (Time is in decaauts)
 A = Elapsed time spent in this place.
 B = Non-inter-level travel time spent in this place.
 C = Inter-level travel time spent in this place.
 D = Time resting spent in this place.
 E = Time spent auto-exploring this place.
 F = Levels seen in this place.
 G = Mean time per level.
                   A        B        C        D        E       F      G
               +--------+--------+--------+--------+--------+-----+--------+
         Total |   1991 |   1906 |     85 |      0 |   1454 |   3 |  663.7 |
       Dungeon |   1991 |   1906 |     85 |      0 |   1454 |   3 |  663.7 |
               +--------+--------+--------+--------+--------+-----+--------+

Top non-repeatable levels by time:
     D:2: 1086 daAuts
     D:1: 687 daAuts
     D:3: 217 daAuts
